 Dungeon Crawl Stone Soup version 0.20.1-1-g8b1a95d (webtiles) character file.

170 polve the Changer (level 5, -5/44 HPs)
             Began as a Naga Transmuter on July 3, 2017.
             Killed by divine providence
             ... invoked by an orc priest
              (16 damage)
             ... on level 3 of the Dungeon.
             The game lasted 00:04:12 (3993 turns).

polve the Changer (Naga Transmuter)                 Turns: 3993, Time: 00:04:13

Health: -5/44      AC:  3    Str: 13    XL:     5   Next: 51%
Magic:  8/8        EV:  9    Int: 14    God:
Gold:   84         SH:  0    Dex: 11    Spells: 2/8 levels left

rFire    . . .     SeeInvis +   s - +0 dagger (drain)
rCold    . . .     Gourm    .   (no shield)
rNeg     . . .     Faith    .   b - +0 robe
rPois    +         Spirit   .   (no helmet)
rElec    .         Reflect  .   (no cloak)
rCorr    .         Harm     .   h - +0 pair of gloves
MR       .....                  (no barding)
Stlth    +.........             (no amulet)
Regen    0.2/turn               (no ring)
MPRegen  0.2/turn               (no ring)

@: appendage, drained, very slow
A: horns 2, see invisible, deformed body, poison resistance, slowness 2, slow
metabolism 1, spit poison 1, AC +1
a: Spit Poison, End Transformation


You were on level 3 of the Dungeon.
You were not hungry.
You had grown temporary horns.
You visited 1 branch of the dungeon, and saw 3 of its levels.

You collected 84 gold pieces.

Inventory:

Hand Weapons
 s - a +0 dagger of draining (weapon)
Missiles
 a - 54 arrows (quivered)
Armour
 b - a +0 robe (worn)
 h - a +0 pair of gloves (worn)
 m - a +0 cloak
Jewellery
 k - an uncursed ring of fire {unknown}
 x - an uncursed ring of positive energy {unknown}
Wands
 t - a wand of scattershot (4/9)
Scrolls
 f - 4 scrolls of teleportation {unknown}
 g - 3 scrolls of identify {unknown}
 i - a scroll of amnesia {unknown}
 o - 2 scrolls of remove curse {unknown}
 p - a scroll of magic mapping {unknown}
Potions
 e - a potion of flight {unknown}
 l - a potion of invisibility {unknown}
 q - a potion of lignification {unknown}
 r - a potion of haste {unknown}
 v - a potion of cancellation {unknown}
 w - a potion of might {unknown}
Books
 c - a book of Changes

   Spells                             Type                      Level
   a - Beastly Appendage              Transmutation                1
   b - Sticks to Snakes               Transmutation                2
   c - Spider Form                    Transmutation/Poison         3
   d - Ice Form                       Ice/Transmutation            4
   e - Blade Hands                    Transmutation                5
Comestibles
 d - 3 bread rations
 j - a royal jelly
 n - a meat ration
 u - 5 chunks of flesh


   Skills:
 - Level 1.0(0.2) Fighting
 - Level 1.5(0.8) Dodging
 - Level 3.0(2.2) Unarmed Combat
 - Level 2.0(1.2) Spellcasting
 + Level 5.5(4.7) Transmutations


You had 2 spell levels left.
You knew the following spells:

 Your Spells              Type           Power        Failure   Level  Hunger
a - Beastly Appendage     Tmut           ##....       3%          1    ##.....
b - Sticks to Snakes      Tmut           ##......     5%          2    ###....
c - Spider Form           Tmut/Pois      #.........   28%         3    ####...


Dungeon Overview and Level Annotations

Branches:
Dungeon (3/15)

Altars:


Innate Abilities, Weirdness & Mutations

You cannot wear boots.
Your serpentine skin is tough. (AC +1)
You have supernaturally acute eyesight. (SInv)
Armour fits poorly on your strangely shaped body.
Your system is resistant to poisons. (rPois)
You cover ground very slowly.
You have a slow metabolism.
You can spit poison.
You have a pair of horns on your head.


Message History

The orc wizard hits you with a dagger.
* * * LOW HITPOINT WARNING * * *
The orc hits you but does no damage. The orc priest barely misses you.
You completely miss the orc wizard.
You headbutt the orc wizard, but do no damage.
The orc wizard is heavily wounded.
The orc wizard barely misses you. The orc barely misses you.
You closely miss the orc priest.
The orc priest is heavily wounded.
The orc priest calls upon Beogh to heal the orc wizard.
The orc wizard is healed somewhat.
The orc wizard points at you and mumbles some strange words.
The magic dart hits you!
* * * LOW HITPOINT WARNING * * *
The orc hits you but does no damage.
You hit the orc priest. Your headbutt misses the orc priest.
The orc priest is severely wounded.
The orc priest calls down the wrath of Beogh upon you.
Beogh smites you!
You die...

#. #.# #####..###
.........##############
.......................
#..#...##........#####
#.#.##.............
#.#o##.............
#.@o...............
#$...##o.#.............
+... .#...............
#.. ...##..###.......
#. oo....#.# #....... #
.. #..#.# #....... .#+
#..# #....... .#
########


You could see an orc priest, an orc wizard and an orc.

Vanquished Creatures
  Ijyb (D:3)
  Jessica (D:2)
  4 adders (D:2)
  3 worms
  4 dart slugs
  A leopard gecko (D:1)
  8 giant cockroaches
  8 goblins
  7 hobgoblins
  4 jackals
  2 quokkas (D:2)
  8 bats
  A frilled lizard (D:1)
  3 kobolds (D:3)
  8 rats
63 creatures vanquished.

Notes
Turn   | Place    | Note
-------+----------+-------------------------------------------
     0 | D:1      | polve the Naga Transmuter began the quest for the Orb.
     0 | D:1      | Reached XP level 1. HP: 18/18 MP: 3/3
    28 | D:1      | Reached XP level 2. HP: 19/25 MP: 5/5
   420 | D:1      | Reached skill level 3 in Transmutations
   920 | D:1      | Reached XP level 3. HP: 24/31 MP: 6/6
  1109 | D:1      | Learned a level 2 spell: Sticks to Snakes
  1113 | D:1      | Learned a level 3 spell: Spider Form
  1782 | D:2      | Reached skill level 4 in Transmutations
  2101 | D:2      | Reached XP level 4. HP: 31/38 MP: 5/7
  2674 | D:2      | Noticed Jessica
  2693 | D:2      | HP: 1/38 [Jessica/dagger (4)]
  2694 | D:2      | Killed Jessica
  3158 | D:2      | Reached skill level 5 in Transmutations
  3158 | D:2      | Reached XP level 5. HP: 30/44 MP: 6/8
  3713 | D:3      | Noticed Ijyb
  3748 | D:3      | Killed Ijyb
  3993 | D:3      | Killed from afar by an orc priest

Skill      XL: |  1  2  3  4 |
---------------+-------------+-----
Transmutations | 3 4 5 |  5.5
Fighting       | |  1.0
Dodging        | |  1.5
Unarmed Combat | |  3.0
Spellcasting   | |  2.0

Action                   |  1- 3 |  4- 6 || total
-------------------------+-------+-------++-------
Melee: Unarmed           |   173 |    56 ||   229
       Headbutt          |     6 |    18 ||    24
       Punch             |     1 |       ||     1
       Dagger            |       |    85 ||    85
 Cast: Beastly Appendage |    15 |    14 ||    29
 Abil: Spit Poison       |     1 |     7 ||     8
  Eat: Chunk             |     3 |     5 ||     8
Armor: Robe              |    62 |    36 ||    98
Dodge: Dodged            |   156 |    57 ||   213
